 Dungeon Crawl Stone Soup version 0.17.0 (webtiles) character file.

212776 tetracat the Fencer (level 20, -5/132 HPs)
             Began as a Halfling Assassin on Nov 10, 2015.
             Was an Initiate of Gozag.
             Killed from afar by Nikola (30 damage)
             ... with a chain lightning
             ... on level 1 of the Snake Pit.
             The game lasted 02:42:39 (53860 turns).

tetracat the Fencer (Halfling Assassin)            Turns: 53860, Time: 02:42:42

Health: -5/132     AC: 27    Str: 14    XL:     20   Next: 11%
Magic:  0/2        EV: 32    Int: 21    God:    Gozag
Gold:   1887       SH: 11    Dex: 30    Spells: 8 memorised, 1 level left

rFire  + + +     SeeInvis .     G - +8 scimitar of Righteous Anger {venom, Int+2}
rCold  . . .     Clarity  +     A - +0 chain mail of Exclusion {MR+++ MP-9 Int+5}
rNeg   + + .     SustAt   .     U - +2 buckler {AC+3}
rPois  +         Gourm    .     z - +1 hat of Qazlal's Generosity {MR+ Slay+2}
rElec  .         Spirit   .     g - +3 cloak "Pimmis" {rF++ MP-9}
rCorr  .         Warding  .     x - +2 pair of gloves of Anaesthesia {rN+ Int+4}
rMut   +         Stasis   .     s - +0 pair of boots
MR     +++++                    F - amulet of Uddogutu {rMut rPois rF+ rN+}
Stlth  +++.......               e - +5 ring of evasion
                                t - ring "Amaetho" {EV+5 Int+2 Dex+4}

@: studying Air Magic, repel missiles, almost entirely resistant to hostile
enchantments, fairly stealthy
A: talons 1, clarity, mutation resistance 1, strong 1
a: Potion Petition, Call Merchant, Bribe Branch, Renounce Religion


You were on level 1 of the Snake Pit.
You worshipped Gozag.
Gozag was noncommittal.
You were not hungry.

You visited 7 branches of the dungeon, and saw 33 of its levels.
You visited 1 bazaar.
You also visited: Volcano.

You collected 16048 gold pieces.
You spent 7572 gold pieces at shops.
You paid 6517 gold pieces to Gozag.

Inventory:

Hand Weapons
 a - a +1 demon blade of venom
 b - the +7 blowgun of Qeanwots {evade, rPois Str+2}
   (You bought it in a shop in a bazaar)

   It affects your evasion (+5 to EV).
   It affects your strength (+2).
   It protects you from poison.
 c - a +4 scimitar of flaming
 G - the +8 scimitar of Righteous Anger (weapon) {venom, Int+2}
   (You took it off a deep elf demonologist on level 3 of the Elven Halls)

   It poisons the flesh of those it strikes.
   It affects your intelligence (+2).
Missiles
 j - 7 needles of frenzy
 r - 7 needles of sleeping
 u - 53 poisoned needles
 y - 38 tomahawks (quivered)
 M - a curare-tipped needle
Armour
 g - the +3 cloak "Pimmis" (worn) {rF++ MP-9}
   (You found it on level 3 of the Elven Halls)

   It greatly protects you from fire.
   It affects your magic capacity (-9).
 s - a +0 pair of boots (worn)
 x - the +2 pair of gloves of Anaesthesia (worn) {rN+ Int+4}
   (You bought it in a shop on level 12 of the Dungeon)

   It affects your intelligence (+4).
   It protects you from negative energy.
 z - the +1 hat of Qazlal's Generosity (worn) {MR+ Slay+2}
   (You found it on level 2 of the Lair of Beasts)

   It affects your accuracy and damage with ranged weapons and melee attacks
   (+2).
   It affects your resistance to hostile enchantments.
 A - the +0 chain mail of Exclusion (worn) {MR+++ MP-9 Int+5}
   (You bought it in a shop on level 1 of the Depths)

   It affects your intelligence (+5).
   It affects your resistance to hostile enchantments.
   It affects your magic capacity (-9).
 U - a +2 buckler of protection (worn)
Jewellery
 e - a +5 ring of evasion (right hand)
 f - the ring of Joackicw {rElec rN+ MR- Str+7 SInv}
   (You found it on level 8 of the Lair of Beasts)

   [ring of positive energy]

   It affects your strength (+7).
   It insulates you from electricity.
   It protects you from negative energy.
   It affects your resistance to hostile enchantments.
   It lets you see invisible.
 m - an uncursed ring of protection from cold
 t - the ring "Amaetho" (left hand) {EV+5 Int+2 Dex+4}
   (You bought it in a shop on level 14 of the Dungeon)

   [ring of evasion]

   It affects your evasion (+5).
   It affects your intelligence (+2).
   It affects your dexterity (+4).
 F - the amulet of Uddogutu (around neck) {rMut rPois rF+ rN+}
   (You took it off a deep elf sorcerer on level 3 of the Elven Halls)

   [amulet of resist mutation]

   It protects you from mutation.
   It protects you from fire.
   It protects you from poison.
   It protects you from negative energy.
 T - an uncursed ring of flight
Wands
 h - a wand of invisibility (6)
 v - a wand of digging (12)
 L - a wand of teleportation (2)
 O - a wand of hasting (4)
Scrolls
 d - a scroll of holy word
 k - 11 scrolls of remove curse
 l - 8 scrolls of teleportation
 o - 2 scrolls of recharging
 w - 5 scrolls of enchant armour
 K - 3 scrolls of magic mapping
 P - 5 scrolls of fog
 Q - a scroll of fear
 S - 2 scrolls of enchant weapon
 X - 3 scrolls of amnesia
 Z - 2 scrolls of silence
Potions
 n - 6 potions of curing
 q - 3 potions of agility
 H - 4 potions of cancellation
 I - a potion of heal wounds
 J - 4 potions of magic
 R - a potion of might
 W - 2 potions of berserk rage
Books
 N - a manual of Air Magic
 Y - a book of Spatial Translocations

   Spells                             Type                      Level
   a - Apportation                    Translocation                1
   b - Blink                          Translocation                2
   c - Shroud of Golubria             Charms/Translocation         2
   d - Portal Projectile              Translocation                3
   e - Teleport Other                 Translocation                3
   f - Passage of Golubria            Translocation                4
Comestibles
 V - 9 meat rations


   Skills:
 - Level 10.0 Fighting
   Level 4.1(15.7) Short Blades
 - Level 18.0(18.1) Long Blades
 - Level 14.0 Throwing
 - Level 15.0 Armour
 - Level 15.0 Dodging
 - Level 10.0 Stealth
 - Level 6.0 Shields
 + Level 5.3 Charms
 - Level 3.8 Air Magic


You had one spell level left.
You knew the following spells:

 Your Spells              Type           Power        Failure   Level  Hunger
a - Summon Butterflies    Summ           #.......     98%         1    ##.....
b - Blink                 Tloc           N/A          99%         2    ###....
c - Phase Shift           Tloc           #.........   100%        5    ######.
d - Swiftness             Chrm/Air       ###.....     38%         2    ###....
e - Repel Missiles        Chrm/Air       ###...       38%         2    ###....
f - Apportation           Tloc           #.........   98%         1    ##.....
g - Shroud of Golubria    Chrm/Tloc      ##........   86%         2    ###....
h - Portal Projectile     Tloc           #.....       100%        3    ####...


Dungeon Overview and Level Annotations

Branches:
Dungeon (15/15)            Temple (1/1) D:6            Lair (8/8) D:10
  Swamp (0/4) Lair:6        Snake (1/4) Lair:3        Slime (0/6) Lair:6
    Orc (4/4) D:9             Elf (3/3) Orc:4        Vaults (0/5) D:14
 Depths (1/5) D:15

Altars:
Ashenzari
Cheibriados
Dithmenos
Elyvilon
Fedhas
Gozag
Kikubaaqudgha
Makhleb
Nemelex Xobeh
Okawaru
Qazlal
Ru
Sif Muna
Trog
Vehumet
Xom
Yredelemnul
Zin
The Shining One
Beogh
Jiyva

Shops:
D:3 *   D:5 =   D:12 [   D:14 =   Orc:4 *[*(   Elf:2 :   Elf:3 [(=(
Depths:1 [[([%

Portals:
Hell: Lair:8
Trove: D:13 (give +5 demon blade)

Annotations:
Snake:1 Nikola


Innate Abilities, Weirdness & Mutations

You are small and have problems with some larger weapons.
You are somewhat resistant to further mutation.
You have sharp toenails.
You possess an exceptional clarity of mind.
Your muscles are strong. (Str +2)


Message History

Nikola misses you.
You hit Nikola.
Nikola looks even sicker.
Nikola is lightly wounded.
You slash Nikola!
Nikola is moderately wounded.
Nikola raves, "Can you feel it? Can you feel it?
CAN YOU FEEL IT?"
You block Nikola's attack.
You slash Nikola!
Nikola is moderately wounded.
Nikola gestures wildly while chanting.
Nikola blinks!
Nikola gestures wildly while chanting.
You hear a mighty clap of thunder!
The lightning arc hits you!
The lightning arc hits Nikola.
The lightning arc hits you!
The lightning arc hits Nikola.
The lightning arc hits you!
* * * LOW HITPOINT WARNING * * *
The lightning arc hits Nikola.
The lightning arc hits you!
You die...
Your body crumbles into a pile of gold.

### ##.# #..## ###
#...### #.## ##...#.###
##.### ##.......## #..@#
#......##.# #..## ..
#.....###.## #..# #...
......# ##.###.@####....
.....## #..#...........
.....# ##.............
....## #............(
....### ##..).........
......#####.............


You could see Nikola.

Vanquished Creatures
  Saint Roka (Elf:3)
  2 deep elf blademasters (Elf:3)
  2 deep elf master archers (Elf:3)
  Gastronok (D:10)
  Kirke (D:15)
  Maud (D:14)
  3 deep elf sorcerers (Elf:3)
  An orc warlord (D:14)
  An ironheart preserver (D:13)
  Nessos (D:14)
  8 deep elf demonologists
  6 deep elf annihilators (Elf:3)
  4 dire elephants
  A vault guard (D:14)
  5 deep elf death magi
  2 yaktaur captains (D:15)
  2 deep elf high priests (Elf:3)
  An ice dragon (Lair:3)
  A naga warrior (Lair:3)
  11 hydras
  2 ogre magi (Orc:4)
  Erica (D:13)
  A rakshasa (Depths:1)
  A centaur warrior (D:15)
  4 death yaks (Lair:5)
  A tengu warrior (D:14)
  A fire crab (shapeshifter) (D:15)
  5 hell knights
  2 wizards
  4 skeletal warriors (D:15)
  2 unseen horrors
  18 deep elf knights
  18 deep elf summoners
  2 deep trolls (Orc:4)
  3 hill giants
  4 lindwurms (Lair:8)
  A necromancer (D:14)
  An orb spider (shapeshifter) (Elf:2)
  14 deep elf conjurers
  A wolf spider (D:15)
  An orc sorcerer (Orc:2)
  3 cyclopes
  3 orc knights
  2 sphinx skeletons (Volcano)
  2 ugly things (Depths:1)
  2 salamanders
  A sixfirhy (Lair:8)
  5 manticores
  A faun (shapeshifter) (Elf:3)
  2 naga magi (Snake:1)
  4 orange demons (Lair:8)
  4 griffons
  Joseph (D:7)
  11 elephants
  A torpor snail (Lair:5)
  An ice statue (Lair:3)
  A gargoyle (D:11)
  15 black mambas
  18 spiny frogs
  16 komodo dragons
  A yaktaur (D:15)
  A smoke demon (Lair:8)
  2 fire drakes (Lair:4)
  A guardian mummy (Volcano)
  A freezing wraith (D:15)
  17 deep elf priests
  16 trolls
  A two-headed ogre (shapeshifter) (D:13)
  4 polar bears
  3 red devils (Lair:8)
  8 two-headed ogres
  A blue devil (Lair:8)
  Grinder (D:4)
  The ghost of tetracat the Ducker, an amateur HaAs (D:3)
  28 blink frogs
  A centaur simulacrum (D:15)
  A minotaur skeleton (Volcano)
  A trapdoor spider (D:14)
  2 flying skulls (Volcano)
  2 shadows
  14 hippogriffs
  4 vampires (Volcano)
  24 deep elf magi
  2 wraiths
  21 humans
  29 deep elf fighters
  5 hungry ghosts
  62 yaks
  3 basilisks
  3 wyverns
  A steam dragon (D:9)
  Menkaure (D:7)
  2 hogs (D:15)
  8 nagas
  Edmund (D:5)
  11 swamp worms
  7 wargs
  A mottled dragon (D:15)
  3 sky beasts
  21 water moccasins
  11 ice beasts
  Duvessa (D:7)
  2 hell hounds (Lair:8)
  20 porcupines
  2 wasps
  28 ogres
  21 orc warriors
  A phantom (D:10)
  2 black bears
  21 centaurs
  A boggart (D:14)
  19 crocodiles
  A manticore skeleton (Volcano)
  A necrophage (D:7)
  24 giant frogs
  10 big kobolds
  Blork the orc (D:5)
  2 gnoll sergeants (D:9)
  4 brain worms
  Dowan (D:7)
  9 scorpions
  An electric eel (Lair:6)
  22 killer bees
  8 wights
  A spriggan skeleton (Volcano)
  A troll skeleton (Volcano)
  6 centaur zombies
  8 crimson imps
  20 orc wizards
  2 quasits
  7 hounds
  29 orc priests
  3 giant frog zombies
  A jelly (D:11)
  7 centaur skeletons
  2 giant frog skeletons
  13 iguanas
  12 worker ants
  27 sheep
  A killer bee zombie (D:7)
  2 naga skeletons (Volcano)
  An ogre skeleton (Volcano)
  2 hound skeletons
  2 hound zombies (D:5)
  A mummy (Volcano)
  2 worker ant zombies
  10 adders
  20 gnolls
  106 river rats
  3 white imps (Lair:3)
  8 shadow imps
  An ooze (D:1)
  2 adder zombies
  14 worms
  3 adder skeletons
  6 giant geckos
  200 orcs
  7 bats
  6 giant cockroaches
  34 goblins
  20 hobgoblins
  6 jackals
  A ball python (D:2)
  9 giant newts
  A jackal zombie (D:6)
  18 kobolds
  5 quokkas
  9 rats
  A bush (Bazaar)
  2 plants
1406 creatures vanquished.

Vanquished Creatures (others)
  A deep elf high priest (Elf:3)
  17 dancing weapons (Elf:2)
  A deep elf knight (Elf:2)
  A wizard (D:14)
  4 humans (D:15)
  A brain worm (D:15)
  A big kobold (Elf:3)
  An orc wizard (D:15)
  5 river rats (Lair:6)
  An orc (D:15)
  36 fungi
  59 plants
128 creatures vanquished.

Grand Total: 1534 creatures vanquished

Notes
Turn   | Place    | Note
--------------------------------------------------------------
     0 | D:1      | tetracat the Halfling Assassin began the quest for the Orb.
     0 | D:1      | Reached XP level 1. HP: 14/14 MP: 1/1
   146 | D:1      | Reached XP level 2. HP: 19/19 MP: 2/2
   390 | D:1      | Reached XP level 3. HP: 24/24 MP: 3/3
  1263 | D:2      | Reached XP level 4. HP: 26/30 MP: 4/4
  1579 | D:3      | Found a deep blue altar of Sif Muna.
  1705 | D:3      | Found Gozag's Platinum Reserve.
  1746 | D:3      | Noticed tetracat's ghost (amateur HaAs)
  1846 | D:3      | Found an opulent altar of Gozag.
  1852 | D:3      | Became a worshipper of Gozag Ym Sagoz the Greedy
  1971 | D:4      | Found a shattered altar of Ashenzari.
  2307 | D:4      | Reached XP level 5. HP: 20/36 MP: 5/5
  2337 | D:4      | Found a shadowy altar of Dithmenos.
  2442 | D:4      | Found a snail-covered altar of Cheibriados.
  2706 | D:4      | Reached XP level 6. HP: 18/42 MP: 6/6
  3053 | D:4      | Found an ancient bone altar of Kikubaaqudgha.
  3108 | D:4      | Noticed Grinder
  3432 | D:4      | Paralysed by Grinder for 4 turns
  3459 | D:5      | Entered Level 5 of the Dungeon
  3471 | D:5      | Found a sacrificial altar of Ru.
  3474 | D:5      | Reached XP level 7. HP: 48/48 MP: 7/7
  3480 | D:5      | Reached skill level 5 in Dodging
  3518 | D:5      | Noticed Edmund
  3540 | D:5      | Found Dunidd's Jewellery Emporium.
  3553 | D:5      | Killed Edmund
  3957 | D:5      | Reached skill level 5 in Fighting
  4410 | D:5      | Reached skill level 6 in Dodging
  4410 | D:5      | Reached XP level 8. HP: 42/55 MP: 8/8
  5152 | D:5      | Reached skill level 7 in Dodging
  5284 | D:5      | Noticed Blork the orc
  5298 | D:5      | Killed Blork the orc
  5689 | D:6      | Reached skill level 1 in Long Blades
  5911 | D:6      | Reached XP level 9. HP: 60/62 MP: 9/9
  6113 | D:6      | Found a staircase to the Ecumenical Temple.
  6204 | D:6      | Reached skill level 5 in Long Blades
  6767 | D:7      | Noticed Joseph
  6821 | D:7      | Killed Joseph
  6988 | D:7      | Found a sparkling altar of Nemelex Xobeh.
  6988 | D:7      | Noticed Duvessa
  6988 | D:7      | Noticed Dowan
  7005 | D:7      | Killed Duvessa
  7014 | D:7      | Killed Dowan
  7217 | D:7      | Reached skill level 8 in Long Blades
  7345 | D:7      | Noticed Menkaure
  7351 | D:7      | Killed Menkaure
  7495 | D:7      | Reached XP level 10. HP: 68/68 MP: 10/10
  7720 | D:8      | Reached skill level 9 in Long Blades
  8047 | D:8      | Found a shimmering altar of Xom.
  8350 | D:8      | Reached skill level 10 in Long Blades
  9197 | D:4      | Reached skill level 11 in Long Blades
  9256 | D:4      | Found a blossoming altar of Fedhas.
  9347 | D:4      | Killed Grinder
  9695 | D:3      | Killed tetracat's ghost
  9906 | D:3      | Found a shattered altar of Ashenzari.
 10004 | Temple   | Entered the Ecumenical Temple
 10137 | D:9      | Found a glowing silver altar of Zin.
 10161 | D:9      | Found a staircase to the Orcish Mines.
 10385 | D:9      | Reached skill level 1 in Armour
 10542 | D:9      | Reached XP level 11. HP: 68/72 MP: 11/11
 10671 | D:9      | Reached skill level 12 in Long Blades
 11673 | D:10     | Entered Level 10 of the Dungeon
 12096 | D:10     | Found a staircase to the Lair.
 13267 | D:10     | Reached skill level 13 in Long Blades
 13398 | D:10     | Reached skill level 5 in Armour
 13417 | D:10     | Noticed Gastronok
 13452 | D:10     | Killed Gastronok
 13892 | D:10     | Noticed a hill giant
 13916 | D:10     | Killed a hill giant
 13916 | D:10     | Reached XP level 12. HP: 79/79 MP: 12/12
 14306 | D:10     | Reached skill level 14 in Long Blades
 14696 | D:11     | Reached skill level 5 in Stealth
 14814 | D:11     | Found an iron altar of Okawaru.
 16096 | D:14     | Bought the ring "Amaetho" {EV+5 Int+2 Dex+4} for 1044 gold pieces
 16103 | D:14     | Noticed Nessos
 16161 | D:12     | Bought a +3 ring mail of poison resistance for 253 gold pieces
 16234 | Lair:1   | Entered Level 1 of the Lair of Beasts
 16424 | Lair:1   | Learned a level 1 spell: Summon Butterflies
 16632 | Lair:1   | Got a shimmering chain mail
 16643 | Lair:1   | Identified the +6 chain mail "Gunny" {*Confuse rF++ MR- Slay+2} (You found it on level 1 of the Lair of Beasts)
 18408 | Lair:2   | Reached skill level 5 in Throwing
 18772 | Lair:2   | Got a distressingly furry hat
 18783 | Lair:2   | Identified the +1 hat of Qazlal's Generosity {MR+ Slay+2} (You found it on level 2 of the Lair of Beasts)
 18828 | Lair:3   | Reached XP level 13. HP: 79/83 MP: 13/13
 18847 | Lair:3   | Reached skill level 10 in Dodging
 20088 | Lair:3   | Noticed a naga warrior
 20812 | Lair:3   | Noticed an ice dragon
 20819 | Lair:3   | Noticed an eight-headed hydra
 21047 | Lair:3   | Reached skill level 15 in Long Blades
 22130 | Lair:4   | Gained mutation: You have sharp toenails. [potion of mutation]
 22586 | Lair:5   | Reached XP level 14. HP: 79/90 MP: 14/14
 22922 | Lair:5   | Reached skill level 10 in Throwing
 23435 | Lair:5   | Reached skill level 16 in Long Blades
 24427 | Lair:6   | Gained mutation: Your muscles are strong. (Str +2) [potion of mutation]
 24428 | Lair:6   | Gained mutation: You possess an exceptional clarity of mind. [potion of beneficial mutation]
 24788 | Lair:6   | Got a bronze leather armour
 24799 | Lair:6   | Identified the +5 leather armour "Fadupsiw" {rC+ MP+9} (You found it on level 6 of the Lair of Beasts)
 25060 | Lair:6   | Found a staircase to the Swamp.
 25275 | Lair:6   | Found a viscous altar of Jiyva.
 25275 | Lair:6   | Found a staircase to the Slime Pits.
 26876 | Lair:7   | Found a shimmering altar of Xom.
 27695 | Lair:8   | Entered Level 8 of the Lair of Beasts
 27805 | Lair:8   | Reached XP level 15. HP: 101/101 MP: 15/15
 27915 | Lair:8   | Found a dark tunnel.
 27964 | Volcano  | Entered a volcano
 28850 | Lair:8   | Reached skill level 10 in Fighting
 30439 | Lair:8   | Found a burning altar of Makhleb.
 31182 | Lair:8   | Found a gateway to Hell.
 31388 | Lair:8   | Identified a +4 rod of ignition (9/9) (You found it on level 8 of the Lair of Beasts)
 31557 | Lair:8   | Got a scorched granite ring
 31562 | Lair:8   | Identified the ring of Joackicw {rElec rN+ MR- Str+7 SInv} (You found it on level 8 of the Lair of Beasts)
 31587 | Lair:8   | Reached XP level 16. HP: 59/109 MP: 16/16
 32583 | Lair:3   | Killed a two-headed hydra
 32657 | Lair:3   | Killed an ice dragon
 32657 | Lair:3   | Reached skill level 17 in Long Blades
 32955 | Lair:3   | Found a staircase to the Snake Pit.
 32997 | Lair:3   | Killed a naga warrior
 33366 | D:11     | Found an iron altar of Okawaru.
 33492 | D:11     | Noticed a five-headed hydra
 33502 | D:11     | Killed a one-headed hydra
 33899 | D:11     | Reached XP level 17. HP: 79/115 MP: 17/17
 34342 | D:12     | Noticed a three-headed hydra
 34356 | D:12     | Killed a one-headed hydra
 34790 | D:13     | Noticed an orc warlord
 34792 | D:13     | Noticed Erica
 34792 | D:13     | Noticed Maud
 34793 | D:13     | Noticed an ironheart preserver
 34809 | D:14     | Killed an orc warlord
 34858 | D:14     | Killed Maud
 34870 | D:13     | Killed an ironheart preserver
 34877 | D:13     | Killed Erica
 35915 | D:13     | Found a portal to a secret trove of treasure.
 36132 | D:14     | Noticed a six-headed hydra
 36144 | D:14     | Killed a two-headed hydra
 36455 | D:14     | Noticed a tengu warrior
 36487 | D:14     | Killed a tengu warrior
 36596 | D:14     | Noticed a wizard
 36615 | D:14     | Killed a wizard
 36622 | D:14     | Noticed a vault guard
 36659 | D:14     | Killed a vault guard
 36716 | D:14     | Killed Nessos
 36716 | D:14     | Reached skill level 18 in Long Blades
 36717 | D:14     | Reached skill level 15 in Dodging
 37171 | D:14     | Found a gate to the Vaults.
 37567 | D:15     | Entered Level 15 of the Dungeon
 37616 | D:15     | Found a glowing golden altar of the Shining One.
 38735 | D:15     | Noticed Kirke
 38748 | D:15     | Killed Kirke
 39262 | D:15     | Found a staircase to the Depths.
 40128 | Depths:1 | Entered Level 1 of the Depths
 40136 | Depths:1 | Bought the cursed +0 robe of Imoidgh {MR+ Slay+6} for 639 gold pieces
 40160 | Depths:1 | Bought a runed buckler for 135 gold pieces
 40160 | Depths:1 | Bought a transparent scale mail for 270 gold pieces
 40160 | Depths:1 | Bought a shimmering chain mail for 285 gold pieces
 40170 | Depths:1 | Identified the +3 scale mail of the Sunfish {rPois} (You bought it in a shop on level 1 of the Depths)
 40218 | Depths:1 | Identified the +4 chain mail of Ekhloote {Regen+ SInv} (You bought it in a shop on level 1 of the Depths)
 40368 | Depths:1 | Bought the cursed +0 chain mail of Exclusion {MR+++ MP-9 Int+5} for 634 gold pieces
 40379 | Depths:1 | Bought an encrusted ring mail for 270 gold pieces
 40395 | Depths:1 | Identified the +0 ring mail "Zupheam" {rC- Str+8} (You bought it in a shop on level 1 of the Depths)
 40412 | Depths:1 | Bought a meat ration for 70 gold pieces
 40412 | Depths:1 | Bought a meat ration for 70 gold pieces
 40412 | Depths:1 | Bought a meat ration for 70 gold pieces
 40412 | Depths:1 | Bought a meat ration for 70 gold pieces
 40412 | Depths:1 | Bought a meat ration for 70 gold pieces
 40546 | Depths:1 | Reached XP level 18. HP: 120/120 MP: 9/18
 40997 | D:12     | Bought the +2 pair of gloves of Anaesthesia {rN+ Int+4} for 375 gold pieces
 41091 | Orc:1    | Entered Level 1 of the Orcish Mines
 41723 | Orc:1    | You fall through a shaft!
 42155 | Orc:2    | Found a roughly hewn altar of Beogh.
 43561 | Orc:4    | Entered Level 4 of the Orcish Mines
 43722 | Orc:4    | Reached skill level 10 in Stealth
 43834 | Orc:4    | Found a staircase to the Elven Halls.
 43835 | Orc:4    | Found Wyarih's Assorted Antiques.
 43836 | Orc:4    | Found Iguts's Antique Armour Shop.
 43872 | Orc:4    | Reached skill level 1 in Shields
 44190 | Orc:4    | Found Ysedghiyq's Assorted Antiques.
 44199 | Orc:4    | Found Quecutodgh's Weapon Boutique.
 44316 | Orc:4    | Bought a scroll of identify for 60 gold pieces
 44316 | Orc:4    | Bought a scroll of identify for 60 gold pieces
 44584 | Orc:4    | Bought a pitted plate armour for 924 gold pieces
 44594 | Orc:4    | Identified the cursed +1 plate armour "Vucziru" {Int+3} (You bought it in a shop on level 4 of the Orcish Mines)
 44614 | Elf:1    | Entered Level 1 of the Elven Halls
 44735 | Elf:1    | Noticed a Hell Sentinel
 44738 | Elf:1    | Reached skill level 10 in Armour
 45348 | Elf:1    | Reached skill level 5 in Shields
 45532 | Elf:1    | Identified the Almanac of the Entourage
 45742 | Elf:1    | Found a gateway to a bazaar.
 45898 | Bazaar   | Entered a bazaar
 45898 | Bazaar   | Found Vineschu's Assorted Antiques.
 45898 | Bazaar   | Found Ephemiog's Weapon Boutique.
 45898 | Bazaar   | Found Hailixi's Armour Boutique.
 45898 | Bazaar   | Found Teaneecw's Magic Scroll Boutique.
 45898 | Bazaar   | Found Necsuni's Book Shop.
 45938 | Bazaar   | Bought a gold wand for 100 gold pieces
 45953 | Bazaar   | Bought the +7 blowgun of Qeanwots {evade, rPois Str+2} for 534 gold pieces
 45958 | Bazaar   | Bought a scroll of magic mapping for 87 gold pieces
 45958 | Bazaar   | Bought a scroll of magic mapping for 87 gold pieces
 45958 | Bazaar   | Bought a scroll of identify for 50 gold pieces
 45958 | Bazaar   | Bought a scroll of identify for 50 gold pieces
 45960 | Bazaar   | Bought a scroll of enchant armour for 75 gold pieces
 45960 | Bazaar   | Bought a scroll of teleportation for 30 gold pieces
 45960 | Bazaar   | Bought a scroll of enchant armour for 75 gold pieces
 45960 | Bazaar   | Bought a scroll of enchant armour for 75 gold pieces
 45960 | Bazaar   | Bought a scroll of brand weapon for 200 gold pieces
 45965 | Bazaar   | Bought a scroll of fog for 20 gold pieces
 45965 | Bazaar   | Bought a scroll of identify for 20 gold pieces
 46132 | Elf:1    | Noticed a Hell Sentinel
 46403 | Elf:2    | Found Laxzeth's Book Shop.
 46495 | Elf:2    | Found a runed gate.
 46495 | Elf:2    | Found a runed gate.
 46496 | Elf:2    | Found a runed gate.
 46647 | Elf:2    | Identified the Compendium of Mutagenic Orientation
 46651 | Elf:2    | Learned a level 2 spell: Blink
 46657 | Elf:2    | Learned a level 5 spell: Phase Shift
 48201 | Elf:2    | Reached XP level 19. HP: 116/126 MP: 10/19
 48780 | Elf:2    | Bought a book of Air for 735 gold pieces
 48783 | Elf:2    | Learned a level 2 spell: Swiftness
 48786 | Elf:2    | Learned a level 2 spell: Repel Missiles
 48799 | Elf:3    | Entered Level 3 of the Elven Halls
 48799 | Elf:3    | Found Dies Jaduash's Antique Weapon Boutique.
 48808 | Elf:3    | Found Kiesk's Jewellery Boutique.
 48897 | Elf:3    | Reached skill level 1 in Charms
 48937 | Elf:3    | Found Zeckod's Antique Weapon Emporium.
 48968 | Elf:3    | Noticed Saint Roka
 49005 | Elf:3    | Killed Saint Roka
 49498 | Elf:3    | Found Comoul's Antique Armour Shop.
 49506 | Elf:3    | Bought a glowing cloak for 135 gold pieces
 50599 | Elf:3    | Reached skill level 1 in Air Magic
 50773 | Elf:3    | Got a warped platinum amulet
 51128 | Elf:3    | Identified the amulet of the Magpie {rMut Str+2} (You took it off a deep elf mage on level 3 of the Elven Halls)
 51621 | Elf:3    | Reached skill level 5 in Charms
 52065 | Elf:3    | Got a fine ivory amulet
 52068 | Elf:3    | Identified the amulet of Uddogutu {rMut rPois rF+ rN+} (You took it off a deep elf sorcerer on level 3 of the Elven Halls)
 52123 | Elf:3    | Got a brightly glowing scimitar {venom}
 52124 | Elf:3    | Identified the +8 scimitar of Righteous Anger {venom, Int+2} (You took it off a deep elf demonologist on level 3 of the Elven Halls)
 52295 | Elf:3    | Learned a level 1 spell: Apportation
 52298 | Elf:3    | Learned a level 2 spell: Shroud of Golubria
 52302 | Elf:3    | Learned a level 3 spell: Portal Projectile
 52490 | Elf:3    | Got a warped cloak
 52496 | Elf:3    | Identified the +3 cloak "Pimmis" {rF++ MP-9} (You found it on level 3 of the Elven Halls)
 52527 | Elf:3    | Hired Cizxany the big kobold for 72 gold.
 52537 | Elf:3    | Drew Focus: Dex increased to 24, Int decreased to 9
 52557 | Elf:3    | Drew Focus: Dex increased to 25, Int decreased to 8
 52700 | Elf:3    | Your ally Cizxany died
 53010 | Elf:3    | Reached XP level 20. HP: 108/132 MP: 2/20
 53458 | Snake:1  | Entered Level 1 of the Snake Pit
 53550 | Snake:1  | Reached skill level 15 in Armour
 53844 | Snake:1  | Noticed Nikola
 53860 | Snake:1  | Killed from afar by Nikola

Action                   |  1- 3 |  4- 6 |  7- 9 | 10-12 | 13-15 | 16-18 | 19-21 || total
-------------------------+-------+-------+-------+-------+-------+-------+-------++-------
Melee: Dagger            |    80 |   136 |   273 |       |       |       |       ||   489
       Scimitar          |       |       |   190 |  1347 |  2015 |   967 |   103 ||  4622
       Demon blade       |       |       |       |       |       |  1304 |   595 ||  1899
 Fire: Blowgun           |     3 |    27 |    62 |   115 |   104 |       |       ||   311
Throw: Tomahawk          |       |       |       |     7 |    68 |    14 |    44 ||   133
       Throwing net      |       |       |       |       |     1 |       |       ||     1
 Cast: Repel Missiles    |       |       |       |       |       |       |     2 ||     2
Invok: Call Merchant     |       |       |       |     2 |       |     5 |       ||     7
 Abil: Evoke Flight      |       |       |       |       |       |     2 |       ||     2
Evoke: Wand              |       |       |       |       |       |    16 |     7 ||    23
       Deck              |       |       |       |       |       |       |    13 ||    13
  Use: Scroll            |       |     1 |     4 |    13 |    16 |    15 |    13 ||    62
       Potion            |       |       |     1 |     4 |     7 |     8 |     6 ||    26
 Stab: Sleeping          |    14 |    11 |    13 |    25 |    33 |    24 |     4 ||   124
       Distracted        |     2 |     2 |     5 |    21 |    33 |    32 |     5 ||   100
       Held in net/web   |       |       |       |       |     2 |       |       ||     2
       Invisible         |       |       |       |       |       |       |     5 ||     5
  Eat: Chunk             |     1 |     2 |       |       |       |       |       ||     3
       Beef jerky        |       |     1 |     1 |       |       |     1 |     2 ||     5
       Meat ration       |       |     1 |     1 |     5 |     1 |       |     1 ||     9
       Bread ration      |       |       |     1 |     4 |     7 |     8 |     3 ||    23
       Pizza             |       |       |       |       |     1 |     7 |       ||     8
       Fruit             |       |       |       |       |     5 |    13 |       ||    18
